 Dungeon Crawl Stone Soup version 0.20.1-1-g8b1a95d (webtiles) character file.

463 striped the Ruffian (level 6, -3/59 HPs)
             Began as a Troll Fighter on July 19, 2017.
             Slain by lotsofdiagrams's ghost (9 damage)
             ... on level 5 of the Dungeon.
             The game lasted 00:48:30 (3637 turns).

striped the Ruffian (Troll Fighter)                 Turns: 3637, Time: 00:48:31

Health: -3/59      AC:  5    Str: 25    XL:     6   Next: 79%
Magic:  5/5        EV:  8    Int:  4    God:
Gold:   45         SH: 11    Dex: 11    Spells: 5/5 levels left

rFire    . . .     SeeInvis .     - Unarmed
rCold    + . .     Gourm    +   M - +2 shield {rC+}
rNeg     . . .     Faith    .   D - +0 robe
rPois    .         Spirit   .   (helmet restricted)
rElec    .         Reflect  .   (no cloak)
rCorr    .         Harm     .   (gloves unavailable)
MR       .....                  (boots unavailable)
Stlth    +.........             (no amulet)
Regen    0.6/turn               (no ring)
MPRegen  0.1/turn               (no ring)

@: lethally poisoned (-3 -> -3)
A: unfitting armour, claws 3, fast metabolism 3, gourmand, regeneration 1,
shaggy fur 1, tough skin 2
a: no special abilities


You were on level 5 of the Dungeon.
You were full.

You visited 1 branch of the dungeon, and saw 5 of its levels.

You collected 187 gold pieces.
You spent 142 gold pieces at shops.

Inventory:

Hand Weapons
 n - a +0 short sword
 q - a +0 short sword
 t - a +0 dagger
 v - a cursed +0 spear
 w - a +0 club
 x - a cursed -2 mace
 y - a +0 club
 z - a +0 short sword
 A - a +0 club
 B - a +0 short sword
 E - a +0 hand axe
 H - a +0 rapier
 J - a +0 giant spiked club
 L - a +0 spear
 Q - a +0 giant club
 R - a cursed -2 giant club
 S - a cursed -1 hunting sling
 W - a +0 dagger
Missiles
 k - 41 bolts
 l - 31 sling bullets
 r - 29 arrows
 u - 42 stones (quivered)
Armour
 a - a +0 robe
 b - a +1 shield
 g - a +0 pair of gloves
 s - a +1 scale mail of fire resistance
 D - a +0 robe (worn)
 F - a +0 pair of boots
 G - a +0 robe
 K - a +0 helmet
 M - a +2 shield of cold resistance (worn)
 V - a +2 cloak
Wands
 m - a wand of acid (2/15)
 I - a wand of iceblast (0/15)
 N - a wand of enslavement (6/24)
 T - a wand of paralysis (17/24)
Scrolls
 e - 2 scrolls of remove curse
 j - 2 scrolls of amnesia
 o - a scroll of teleportation
Potions
 c - 3 potions of might
 i - a potion of curing
 p - 2 potions of heal wounds {unknown}
 C - a potion of haste {unknown}
 O - 2 potions of ambrosia {unknown}
 P - a potion of lignification {unknown}
Comestibles
 d - 4 bread rations
 f - a royal jelly
 h - a meat ration
 U - 2 fruits


   Skills:
 + Level 2.7 Fighting
 * Level 2.5 Throwing
 * Level 2.0 Armour
 - Level 2.5 Dodging
 + Level 0.3 Stealth
 + Level 3.6 Shields
 + Level 4.4 Unarmed Combat
 + Level 0.4 Evocations


You had 5 spell levels left.
You didn't know any spells.

Dungeon Overview and Level Annotations

Branches:
Dungeon (5/15)
 Temple: D:4-7

Altars:
Dithmenos
Elyvilon
Qazlal
Ru
Yredelemnul

Shops:
D:4 [

Annotations:
D:5 lotsofdiagrams's ghost, novice NaVM


Innate Abilities, Weirdness & Mutations

You are too large for most types of armour.
You have claws for hands.
Your metabolism is lightning-fast.
You like to eat raw meat.
Your natural rate of healing is unusually fast.
You are covered in fur. (AC +1)
You have very tough skin. (AC +2)


Message History

This wand has 2 charges left.
You feel sick. Lotsofdiagrams's ghost hits you!
* * * LOW HITPOINT WARNING * * *
You claw lotsofdiagrams's ghost!
Lotsofdiagrams's ghost is moderately damaged.
Lotsofdiagrams's ghost hits you but does no damage.
You scratch lotsofdiagrams's ghost but do no damage.
Lotsofdiagrams's ghost is moderately damaged.
You feel sick.
You block lotsofdiagrams's ghost's attack.
You scratch lotsofdiagrams's ghost.
Lotsofdiagrams's ghost is heavily damaged.
You feel sick. Lotsofdiagrams's ghost hits you!
* * * LOW HITPOINT WARNING * * *
You scratch lotsofdiagrams's ghost.
Lotsofdiagrams's ghost is heavily damaged.
Lotsofdiagrams's ghost hits you but does no damage.
You claw lotsofdiagrams's ghost!
Lotsofdiagrams's ghost is severely damaged.
You feel sick. Lotsofdiagrams's ghost hits you!
You die...

.......#
......#
###....##
#...#...#
#..# #.##
#a# #W#
##@# #..#
#.## #.#
#.# #
###.# ..
#...# #.
#.### #.
#.#


You could see a worker ant and lotsofdiagrams's ghost.

Vanquished Creatures
  3 ogres (D:4)
  A howler monkey (D:4)
  A crimson imp (D:4)
  A centaur skeleton (D:5)
  A worker ant zombie (D:2)
  2 adders (D:4)
  An ooze (D:3)
  An adder skeleton (D:2)
  4 worms
  4 leopard geckos
  An orc (D:3)
  2 bat skeletons (D:2)
  A bat zombie (D:2)
  3 giant cockroaches (D:4)
  2 goblins
  3 hobgoblins
  2 jackals (D:1)
  5 kobolds
  2 quokkas
  A ball python (D:2)
  10 bats
  2 frilled lizards (D:1)
  2 quokka skeletons (D:2)
  A quokka zombie (D:5)
  6 rats (D:1)
  A withered plant (D:2)
63 creatures vanquished.

Notes
Turn   | Place    | Note
-------+----------+-------------------------------------------
     0 | D:1      | striped the Troll Fighter began the quest for the Orb.
     0 | D:1      | Reached XP level 1. HP: 22/22 MP: 0/0
   316 | D:1      | Reached XP level 2. HP: 26/29 MP: 1/1
  1186 | D:2      | Reached XP level 3. HP: 36/36 MP: 2/2
  1357 | D:2      | Reached skill level 1 in Throwing
  1802 | D:3      | Found a white marble altar of Elyvilon.
  1927 | D:3      | Found a basalt altar of Yredelemnul.
  2117 | D:3      | Found a faded altar of an unknown god.
  2605 | D:4      | Reached XP level 4. HP: 44/44 MP: 3/3
  2621 | D:4      | Noticed an ogre
  2629 | D:4      | Killed an ogre
  2629 | D:4      | Reached skill level 1 in Armour
  2629 | D:4      | Reached skill level 3 in Unarmed Combat
  2629 | D:4      | Reached XP level 5. HP: 23/50 MP: 4/4
  2750 | D:4      | Found a shadowy altar of Dithmenos.
  2783 | D:4      | Found a sacrificial altar of Ru.
  2956 | D:4      | Noticed an ogre
  2963 | D:4      | Killed an ogre
  2963 | D:4      | Reached XP level 6. HP: 21/59 MP: 5/5
  2990 | D:4      | Reached skill level 4 in Unarmed Combat
  3168 | D:4      | Found Biecs's Antique Armour Emporium.
  3180 | D:4      | Bought a runed shield for 142 gold pieces
  3546 | D:5      | Entered Level 5 of the Dungeon
  3546 | D:5      | Found a stormy altar of Qazlal.
  3607 | D:5      | Noticed lotsofdiagrams's ghost (novice NaVM)
  3637 | D:5      | Slain by lotsofdiagrams's ghost

Skill      XL: |  1  2  3  4  5  6 |
---------------+-------------------+-----
Throwing       | 1 2 |  2.5
Armour         | 1 2 |  2.0
Shields        | 3 |  3.6
Unarmed Combat | 3 4 |  4.4
Fighting       | |  2.7
Dodging        | |  2.5
Stealth        | |  0.3
Evocations     | |  0.4

Action                   |  1- 3 |  4- 6 || total
-------------------------+-------+-------++-------
Melee: Unarmed           |   150 |    72 ||   222
Throw: Stone             |     6 |       ||     6
Evoke: Wand              |     4 |     6 ||    10
  Use: Scroll            |    10 |       ||    10
  Eat: Chunk             |    18 |    13 ||    31
       Meat ration       |     1 |       ||     1
Armor: Robe              |    47 |     8 ||    55
Dodge: Dodged            |    38 |    10 ||    48
Block: Shield            |    74 |    27 ||   101
